 Dungeon Crawl Stone Soup version 0.30-a0-305-g026cb31310 (webtiles) character file.

Game seed: 5725961310734200825

132908 rogsnak the Cloud Mage (level 17, -1/84 HPs)
             Began as a Tengu Air Elementalist on Oct 18, 2022.
             Was a High Priest of Sif Muna.
             Slain by a spriggan rider
             ... wielding a +0 spear
              (8 damage)
             ... on level 4 of the Swamp on Oct 22, 2022.
             The game lasted 02:39:47 (38878 turns).

rogsnak the Cloud Mage (Tengu Air Elementalist)    Turns: 38878, Time: 02:39:47

Health: -1/84      AC: 15    Str: 16    XL:     17   Next: 13%
Magic:  30/64      EV: 12    Int: 27    God:    Sif Muna [*****.]
Gold:   2047       SH:  8    Dex: 15    Spells: 22/47 levels left

rFire   + . .      SeeInvis .    a - +12 whip of the Spheres {vorpal, MP+9 Str+7}
rCold   + + .      Faith    .    F - +0 kite shield {rC+}
rNeg    . . .      Spirit   .    c - +5 ring mail "Dawaren" {+Blink MP+9}
rPois   +          Reflect  .    V - +1 hat "Cotroq" {rPois rF+}
rElec   +          Harm     .    L - +0 cloak
rCorr   +          Rampage  .    o - +0 pair of gloves
Will    +....                    (boots unavailable)
Stlth   +.........               P - amulet of regeneration
HPRegen 1.14/turn                S - ring of the Battered Olives {rC+ MP+9}
MPRegen 0.39/turn                l - ring of Seakhiru {Fly rElec rCorr Int+4}

@: lethally poisoned (-1 -> -16), flying quickly and evasively, very slightly
contaminated, slowed, very slow
A: beak, talons 3, nimble flight
a: Renounce Religion, Evoke Blink, Channel Magic, Forget Spell, Divine Exegesis


You were on level 4 of the Swamp.
You worshipped Sif Muna.
Sif Muna was extremely pleased with you.
You visited 5 branches of the dungeon, and saw 26 of its levels.
You also visited: Sewer, Ossuary, Bailey and Ice Cave.

You collected 2638 gold pieces.
You spent 591 gold pieces at shops.

Inventory:

Hand Weapons
 a - the +12 whip of the Spheres (weapon) {vorpal, MP+9 Str+7}
   (You found it on level 3 of the Dungeon)

   It inflicts extra damage upon your enemies.
   Str:       It affects your strength (+7).
   MP:        It affects your magic capacity (+9).
 i - the +9 trident of Atsaz {spect, rC+}
   (You found it on level 3 of the Lair of Beasts)

   When its wielder attacks, the weapon's spirit leaps out and strikes again.
   The spirit shares a part of any damage it takes with its wielder.
   rC:        It protects you from cold.
Missiles
 y - 5 throwing nets
 E - 7 curare-tipped darts
Armour
 c - the +5 ring mail "Dawaren" (worn) {+Blink MP+9}
   (You found it on level 3 of the Dungeon)

   MP:        It affects your magic capacity (+9).
   +Blink:    It lets you blink.
 o - a +0 pair of gloves (worn)
 q - the +3 scale mail "Cuuja" {-Tele rPois rC++ Slay+3}
   (You took it off a gnoll sergeant on level 5 of the Dungeon)

   Slay:      It affects your accuracy & damage with ranged weapons and melee
   (+3).
   rC:        It greatly protects you from cold.
   rPois:     It protects you from poison.
   -Tele:     It prevents most forms of teleportation.
 t - +0 fire dragon scales
 w - a +1 buckler of cold resistance
 F - a +0 kite shield of cold resistance (worn)
 L - a +0 cloak (worn)
 Q - the +3 leather armour of Zoteikk {Str+3 Int+3 Dex+3}
   (You found it on level 3 of the Dungeon)

   Str:       It affects your strength (+3).
   Int:       It affects your intelligence (+3).
   Dex:       It affects your dexterity (+3).
 V - the +1 hat "Cotroq" (worn) {rPois rF+}
   (You found it on level 9 of the Dungeon)

   rF:        It protects you from fire.
   rPois:     It protects you from poison.
 Z - a +2 robe of fire resistance
Magical Staves
 g - a staff of conjuration
Jewellery
 d - a ring of willpower
 l - the ring of Seakhiru (right hand) {Fly rElec rCorr Int+4}
   (You bought it in a shop on level 2 of the Orcish Mines)

   [ring of flight]

   Int:       It affects your intelligence (+4).
   rElec:     It insulates you from electricity.
   Fly:       It grants you flight.
   rCorr:     It protects you from acid and corrosion.
 J - a ring of wizardry
 P - an amulet of regeneration (around neck)
 S - the ring of the Battered Olives (left hand) {rC+ MP+9}
   (You took it off a spriggan rider on level 3 of the Swamp)

   [ring of magical power]

   rC:        It protects you from cold.
   MP:        It affects your magic capacity (+9).
 U - a +4 ring of protection
Wands
 r - a wand of digging (8)
 A - a wand of polymorph (16)
 G - a wand of flame (76)
 H - a wand of mindburst (19)
 K - a wand of roots (37)
 N - a wand of light (24)
 W - a wand of paralysis (6)
Scrolls
 h - 2 scrolls of immolation
 j - 7 scrolls of blinking
 m - 7 scrolls of enchant armour
 u - 9 scrolls of amnesia
 z - 7 scrolls of fear
 B - 9 scrolls of teleportation
 M - 2 scrolls of poison
 O - 9 scrolls of enchant weapon
 X - 2 scrolls of fog
Potions
 b - 5 potions of magic
 e - 5 potions of brilliance {unknown}
 f - 15 potions of curing
 k - 5 potions of degeneration {unknown}
 n - 4 potions of cancellation {unknown}
 p - 3 potions of berserk rage
 s - 5 potions of attraction {unknown}
 v - 8 potions of haste {unknown}
 x - 9 potions of invisibility {unknown}
 C - 4 potions of heal wounds {unknown}
 D - 3 potions of mutation
 I - 2 potions of might
 R - 5 potions of resistance {unknown}
 T - 4 potions of lignification {unknown}


   Skills:
 + Level 2.3 Fighting
 + Level 7.0 Armour
 + Level 4.4 Dodging
 - Level 2.1 Stealth
 + Level 2.2 Shields
 + Level 15.6 Spellcasting
 * Level 21.4 Conjurations
 + Level 0.2 Translocations
 + Level 6.5 Fire Magic
 + Level 22.4 Air Magic
 + Level 4.4 Poison Magic
 * Level 3.4 Invocations
 + Level 0.1 Evocations


You had 22 spell levels left.
You knew the following spells:

 Your Spells              Type           Power      Damage    Failure   Level
a - Shock                 Conj/Air       100%       1d9       0%          1
b - Airstrike             Air            48%        2d(7-23)  0%          4
c - Sticky Flame          Conj/Fire      77%        2d9       1%          4
d - Kindle Blastsparks    Fire/Tloc/Air  100%       2d18      1%          3
e - Mephitic Cloud        Conj/Pois/Air  83%        N/A       1%          3
f - Lightning Bolt        Conj/Air       48%        1d68      1%          5
g - Fireball              Conj/Fire      38%        3d16      1%          5

Your spell library contained the following spells:

 Spells                   Type           Power      Damage    Failure   Level
 Magic Dart               Conj           100%       1d8       0%          1
 Searing Ray              Conj           100%       2d8       0%          2
 Static Discharge         Conj/Air       100%       2-7/arc   0%          2
 Swiftness                Air            97%        N/A       0%          3
 Foxfire                  Conj/Fire      100%       2x1d9     1%          1
 Kiss of Death            Conj/Necr      100%       2d13      1%          1
 Momentum Strike          Conj/Tloc      100%       3d10      1%          2
 Poisonous Vapours        Pois/Air       100%       N/A       1%          2
 Dazzling Flash           Conj/Hex       100%       N/A       1%          3
 Hailstorm                Conj/Ice       68%        3d14      1%          3
 Stone Arrow              Conj/Erth      100%       3d13      1%          3
 Vhi's Electric Charge    Tloc/Air       100%       N/A       1%          3
 Flame Wave               Conj/Fire      77%        2d17      1%          4
 Fulminant Prism          Conj/Hex       34%        3d16      1%          4
 Summon Lightning Spire   Summ/Air       69%        N/A       1%          4
 Arcjolt                  Conj/Air       48%        1d58      1%          5
 Conjure Ball Lightning   Conj/Air       48%        3x3d17    1%          6
 Orb of Destruction       Conj           47%        9d12      1%          7
 Silence                  Hex/Air        34%        N/A       3%          5
 Sting                    Tmut/Pois      100%       1d8       5%          1
 Starburst                Conj/Fire      38%        6d11      7%          6
 Ignite Poison            Fire/Tmut/Pois 41%        N/A       9%          3
 Apportation              Tloc           44%        N/A       13%         1
 Necrotise                Necr           84%        1d8       14%         1
 Sandblast                Erth           42%        2d11      14%         1
 Summon Small Mammal      Summ           84%        N/A       14%         1
 Call Imp                 Summ           21%        N/A       21%         2
 Ensorcelled Hibernation  Hex/Ice        42%        N/A       21%         2
 Passwall                 Tmut/Erth      17%        N/A       21%         2
 Sublimation of Blood     Necr           21%        N/A       21%         2
 Wereblood                Tmut           21%        N/A       21%         2
 Olgreb's Toxic Radiance  Pois           45%        N/A       22%         4
 Portal Projectile        Hex/Tloc       42%        N/A       36%         3
 Call Canine Familiar     Summ           21%        N/A       38%         3
 Confusing Touch          Hex            21%        N/A       38%         3
 Summon Guardian Golem    Hex/Summ       21%        N/A       38%         3
 Tukima's Dance           Hex            21%        N/A       38%         3
 Vampiric Draining        Necr           21%        2d7       38%         3
 Anguish                  Hex/Necr       10%        N/A       80%         4
 Cause Fear               Hex            10%        N/A       80%         4
 Dispel Undead            Necr           21%        3d11      80%         4
 Ice Form                 Ice/Tmut       21%        N/A       80%         4
 Petrify                  Tmut/Erth      21%        N/A       80%         4
 Spellforged Servitor     Conj/Summ      34%        N/A       82%         7
 Chain Lightning          Conj/Air       48%        3d64      86%         9
 Agony                    Necr           21%        N/A       98%         5
 Blade Hands              Tmut           10%        N/A       98%         5
 Metabolic Englaciation   Hex/Ice        10%        N/A       98%         5
 Yara's Violent Unravell  Hex/Tmut       10%        3d6       98%         5
 Simulacrum               Ice/Necr       10%        N/A       100%        6
 Dragon Form              Tmut           10%        N/A       100%        7
 Enfeeble                 Hex            10%        N/A       100%        7
 Haunt                    Necr/Summ      10%        N/A       100%        7
 Malign Gateway           Summ/Tloc      10%        N/A       100%        7
 Summon Hydra             Summ           10%        N/A       100%        7
 Ignition                 Fire           27%        3d9       100%        8
 Infestation              Necr           10%        N/A       100%        8
 Lehudib's Crystal Spear  Conj/Erth      34%        10d9      100%        8
 Death's Door             Necr           10%        N/A       100%        9
 Dragon's Call            Summ           10%        N/A       100%        9
 Fire Storm               Conj/Fire      38%        8d10      100%        9
 Shatter                  Erth           10%        3d12*     100%        9


Dungeon Overview and Level Annotations

Branches:
Dungeon (14/15)            Temple (1/1) D:7            Lair (5/5) D:8
  Swamp (4/4) Lair:3        Snake (0/4) Lair:2        Slime (0/5) Lair:5
    Orc (2/2) D:12            Elf (0/3) Orc:2         Sewer (visited)
Ossuary (visited)          Bailey (visited)           IceCv (visited)
 Vaults: D:13-14

Altars:
Ashenzari
Cheibriados
Dithmenos
Elyvilon
Fedhas
Gozag
Hepliaklqana
Kikubaaqudgha
Makhleb
Nemelex Xobeh
Okawaru
Qazlal
Ru
Sif Muna
Trog
Uskayaw
Vehumet
Wu Jian
Xom
Yredelemnul
Zin
The Shining One
Jiyva

Shops:
D:7 (   D:10 (:   Orc:2 [*[*=

Portals:
Pandemonium: Orc:2

Annotations:
D:14 Jorgrun
Swamp:2 2 transporters, Sail Geo's ghost, journeyman DrRe
Orc:1 1 runed translucent door, Manan's ghost, journeyman MiBe


Innate Abilities, Weirdness & Mutations

You have a beak for a mouth.
You have claws for feet.
Your magical nature lets you fly swiftly and evasively.


Message History

The death drake is almost dead.
You are engulfed in dark miasma.
You feel yourself slow down.
You feel very sick.
You hear a shout!
The death drake breathes miasma at you. The foul vapour engulfs you!
You feel as though you will be slow longer.
Unknown command.
Unknown command.
Casting: Fireball (dangerous; 1% risk of failure)
Confirm with . or Enter, or press ? or * to list all spells.
Aiming: Fireball (dangerous; 1% risk of failure)
Press: ? - help, Shift-Dir - straight line, f/p - death drake
Aim: a death drake (almost dead, catching its breath)
The fireball explodes!
The fireball engulfs the death drake!!
You kill the death drake!
Sif Muna accepts your kill.
You are engulfed in dark miasma.
You feel very sick.
The spriggan rider is engulfed in a cloud of scalding steam.
A spriggan rider comes into view. It is wielding a +0 spear.
The spriggan rider is engulfed in a cloud of scalding steam. x2
The spriggan rider closely misses you.
Your Armour skill increases to level 7!
Unknown command.
Casting: Fireball (dangerous; 1% risk of failure)
Confirm with . or Enter, or press ? or * to list all spells.
Aiming: Mephitic Cloud (safe; 1% risk of failure)
Press: ? - help, Shift-Dir - straight line, f - spriggan rider
Aim: a spriggan rider, wielding a +0 spear (steam, moderately wounded, chance to affect: 48%)
The ball explodes into a vile cloud!
The stinking cloud engulfs the spriggan rider but does no damage.
The spriggan rider is moderately wounded.
You are engulfed in dark miasma.
You are more poisoned.
* * * LOW HITPOINT WARNING * * *
x2 You feel extremely sick.
The spriggan rider is engulfed in noxious fumes.
The spriggan rider hits you from afar with a +0 spear!
You die...

♣♣♣ ♣♣..♣♣♣♣
♣ ♣~.~~..♣♣
~~ ♣~°°~~~.♣
..~♣.°°~~~~
~....~°°~~
~~~~§°°°.♣♣
~~~~§~§~@§♣♣
~~~§§§§§§.~♣
~~~§§§§i§..♣
~~~§§§§~§~♣♣
~~§§~~.i♣♣♣
~~~~~.♣~.
~~~§~~.~♣
.§~~~~...
..~~~.~~.


You could see 2 spriggan riders.

Vanquished Creatures
  Mlioglotl (Swamp:2)
  Frances (D:13)
  Gastronok (D:11)
  Kirke (D:13)
  A fenstrider witch (Swamp:2)
  4 ghouls (Swamp:2)
  An orc warlord (Orc:2)
  Nessos (D:13)
  2 eleionomae
  3 bunyips
  A fire dragon (Lair:5)
  Fannar (Lair:1)
  2 ghost crabs (Swamp:2)
  16 hydras
  2 catoblepae
  2 demonspawn (Orc:2)
  2 centaur warriors
  Erica (D:11)
  A two-headed ogre (D:9)
  2 ironbound frosthearts (IceCv)
  6 alligators
  A boulder beetle (D:12)
  11 death yaks
  Urug (Lair:4)
  5 orc high priests (Orc:2)
  2 tengu warriors (D:13)
  Sonja (D:11)
  A soul eater (Orc:2)
  A spriggan berserker (Swamp:1)
  A death drake (Swamp:4)
  3 spriggan druids
  5 bog bodies
  A wizard (D:12)
  3 swamp dragons
  A lindwurm (Lair:3)
  7 orc knights
  A deep elf pyromancer (D:13)
  2 deep elf zephyrmancers (D:9)
  2 wolf spiders (Lair:5)
  2 ugly things
  A cyclops (D:11)
  7 orc sorcerers (Orc:2)
  4 manticores
  A black mamba (Lair:2)
  18 elephants
  Maurice (D:10)
  The ghost of lunkers the Cutter, a novice MeWn of Gozag (D:5)
  An ice statue (IceCv)
  3 torpor snails (Lair:5)
  10 cane toads
  A gargoyle (D:10)
  An orange demon (Orc:2)
  8 rime drakes
  2 unseen horrors (D:11)
  2 efreet
  A kobold demonologist (D:12)
  2 ice devils (Lair:1)
  11 komodo dragons
  A bloated husk (Swamp:2)
  10 polar bears
  5 trolls
  A red devil (Orc:2)
  7 tyrant leeches
  9 hornets
  6 blink frogs
  11 dream sheep
  10 spriggans
  Sigmund (D:3)
  17 wyverns
  97 yaks
  3 wraiths
  3 hogs (D:13)
  3 steam dragons
  10 vampire mosquitoes
  8 basilisks
  2 wargs
  14 swamp worms
  A hell hound (Lair:3)
  3 nagas (Lair:2)
  8 water moccasins
  An acid dragon (Lair:5)
  46 orc warriors
  7 swamp drakes
  A black bear (Lair:5)
  An ice beast (D:7)
  26 wolves
  7 ogres
  5 centaurs
  A phantom (D:6)
  7 kobold brigands
  9 gnoll sergeants
  15 bullfrogs
  2 necrophages
  3 scorpions
  8 wights
  12 killer bees
  A howler monkey (D:6)
  A crimson imp (D:9)
  A human zombie (Ossuary)
  32 orc priests
  2 hounds
  A jelly (D:8)
  An iron imp (D:9)
  Jessica (D:2)
  3 gnoll boudas
  10 iguanas
  15 hell rats
  15 orc wizards
  3 mummies (Ossuary)
  29 gnolls
  8 adders
  7 river rats
  A shadow imp (D:9)
  2 white imps
  An ufetubus (D:5)
  3 adder zombies (Ossuary)
  5 worms
  4 dart slugs
  102 orcs
  14 ball pythons
  8 bats
  10 endoplasms
  A giant cockroach (D:2)
  11 goblins
  8 hobgoblins
  2 jackals (D:2)
  6 quokkas
  4 frilled lizards
  2 goblin zombies (Ossuary)
  A hobgoblin zombie (Ossuary)
  36 kobolds
  4 kobold zombies (Ossuary)
  3 quokka zombies (Ossuary)
  42 rats
  4 rat zombies (Ossuary)
963 creatures vanquished.

Vanquished Creatures (collateral kills)
  A killer bee (D:9)
1 creature vanquished.

Vanquished Creatures (others)
  An alligator (Swamp:3)
  A yaktaur (D:14)
  A human (D:13)
  An iguana (Lair:5)
  An orc (D:9)
  A bush (Lair:5)
  47 fungi
  89 plants
142 creatures vanquished.

Grand Total: 1106 creatures vanquished

Notes
Turn   | Place    | Note
-------+----------+-------------------------------------------
     0 | D:1      | rogsnak the Tengu Air Elementalist began the quest for the
                  | Orb.
     0 | D:1      | Reached XP level 1. HP: 10/10 MP: 4/4
   260 | D:1      | Reached XP level 2. HP: 15/15 MP: 1/6
   719 | D:1      | Reached XP level 3. HP: 17/19 MP: 3/7
  1467 | D:2      | Found a faded altar of an unknown god.
  1750 | D:2      | Got the Quarto of the Geometric Snowflakes
  1807 | D:2      | Reached XP level 4. HP: 24/24 MP: 1/8
  2146 | D:2      | Noticed Jessica
  2149 | D:2      | Killed Jessica
  2150 | D:2      | Reached skill level 5 in Air Magic
  2266 | D:3      | Identified the +12 whip of the Spheres {vorpal, MP+9 Str+7}
  2491 | D:3      | Identified the +5 ring mail "Dawaren" {+Blink MP+9}
  2498 | D:3      | Learned a level 4 spell: Airstrike
  2500 | D:3      | Noticed Sigmund
  2514 | D:3      | Killed Sigmund
  2515 | D:3      | Reached skill level 5 in Conjurations
  2515 | D:3      | Gained mutation: Your magical nature lets you fly swiftly
                  | and evasively. [Tengu growth]
  2515 | D:3      | Reached XP level 5. HP: 21/28 MP: 11/11
  2515 | D:3      | Reached XP level 6. HP: 24/32 MP: 12/12
  2669 | D:3      | Identified the +3 leather armour of Zoteikk {Str+3 Int+3
                  | Dex+3}
  3467 | D:4      | Reached skill level 6 in Air Magic
  3503 | D:4      | Reached XP level 7. HP: 36/36 MP: 13/13
  4150 | D:5      | Entered Level 5 of the Dungeon
  4265 | D:5      | Found an iron altar of Okawaru.
  4380 | D:5      | Identified the +3 scale mail "Cuuja" {-Tele rPois rC++
                  | Slay+3}
  4380 | D:5      | Identified the +0 kite shield of the Puckish Kangaroo
                  | {Stlth+}
  4423 | D:5      | Found a glowing drain.
  4478 | Sewer    | Entered a sewer
  5276 | D:5      | Noticed a wyvern
  5286 | D:5      | Reached skill level 1 in Armour
  5286 | D:5      | Reached XP level 8. HP: 24/41 MP: 15/15
  5288 | D:5      | Killed a wyvern
  5289 | D:5      | Reached skill level 7 in Air Magic
  5411 | D:5      | Found a glowing silver altar of Zin.
  5511 | D:5      | Found a transporter.
  5511 | D:5      | Found a transporter.
  5571 | D:5      | Noticed lunkers's ghost (novice MeWn)
  5601 | D:5      | Upgraded the game from 0.30-a0-292-g0f741e3f8e to
                  | 0.30-a0-297-g0ec75d9ef4
  5763 | D:6      | Reached skill level 5 in Spellcasting
  5921 | D:6      | Learned a level 4 spell: Sticky Flame
  5950 | D:6      | Noticed a yak
  5950 | D:6      | Noticed a yak
  5954 | D:6      | Noticed a yak
  5954 | D:6      | Noticed a yak
  5956 | D:6      | Noticed a yak
  5959 | D:6      | Killed a yak
  5976 | D:5      | Killed a yak
  6088 | D:6      | Noticed a yak
  6095 | D:6      | Killed a yak
  6096 | D:6      | Reached skill level 8 in Air Magic
  6096 | D:6      | Reached XP level 9. HP: 44/46 MP: 18/18
  6142 | D:6      | Reached skill level 10 in Conjurations
  6861 | D:7      | Found a shadowy altar of Dithmenos.
  6940 | D:7      | Found a staircase to the Ecumenical Temple.
  7008 | D:7      | Reached skill level 1 in Fire Magic
  7026 | D:7      | Reached skill level 9 in Air Magic
  7179 | D:7      | Found Pywuak's Weapon Emporium.
  7261 | D:7      | Found a sand-covered staircase.
  7265 | Ossuary  | Entered an ossuary
  7647 | Temple   | Entered the Ecumenical Temple
  7735 | Temple   | Became a worshipper of Sif Muna the Loreminder
  8455 | D:7      | Reached XP level 10. HP: 51/51 MP: 18/20
  8467 | D:7      | Found a shimmering altar of Xom.
  8467 | D:7      | Found a stormy altar of Qazlal.
  8549 | D:7      | Found a bloodstained altar of Trog.
  8549 | D:7      | Found a radiant altar of Vehumet.
  9026 | D:8      | Reached * piety under Sif Muna
  9027 | D:8      | Found a flagged portal.
  9054 | Bailey   | Entered a bailey
  9344 | Bailey   | Reached skill level 10 in Air Magic
  9485 | Bailey   | Learned a level 3 spell: Kindle Blastsparks
  9742 | Bailey   | Noticed an orc knight
  9742 | Bailey   | Noticed an orc knight
  9794 | Bailey   | Killed an orc knight
  9849 | Bailey   | Killed an orc knight
 10055 | D:8      | Reached skill level 11 in Air Magic
 10405 | D:8      | Reached ** piety under Sif Muna
 10657 | D:8      | Found a staircase to the Lair.
 10919 | D:9      | Noticed a two-headed ogre
 11084 | D:9      | Reached XP level 11. HP: 35/55 MP: 19/24
 11386 | D:9      | Noticed a deep elf zephyrmancer
 11391 | D:9      | Killed a deep elf zephyrmancer
 11408 | D:9      | Identified the +1 hat "Cotroq" {rPois rF+}
 11432 | D:9      | Noticed a deep elf zephyrmancer
 11439 | D:9      | Killed a deep elf zephyrmancer
 11454 | D:9      | Learned a level 3 spell: Mephitic Cloud
 11512 | D:9      | Reached skill level 12 in Air Magic
 11695 | D:9      | Killed a two-headed ogre
 11809 | D:9      | Reached *** piety under Sif Muna
 11810 | D:9      | Reached skill level 1 in Fighting
 12320 | D:10     | Entered Level 10 of the Dungeon
 12510 | D:10     | Noticed Maurice
 12538 | D:10     | Killed Maurice
 12668 | D:10     | Found Kusueg Qytics's Tremendous Tomes.
 12888 | D:10     | Found Aluohaypu's Antique Weapon Shop.
 13435 | D:11     | Reached skill level 13 in Air Magic
 13436 | D:11     | Noticed Gastronok
 13855 | D:5      | Reached **** piety under Sif Muna
 13990 | D:5      | Killed lunkers's ghost
 14178 | D:6      | Reached XP level 12. HP: 59/60 MP: 26/26
 14179 | D:6      | Reached skill level 1 in Poison Magic
 14294 | D:11     | Noticed Erica
 14299 | D:11     | Killed Erica
 14417 | D:11     | Noticed Sonja
 14429 | D:11     | Killed Sonja
 14574 | D:11     | Reached skill level 14 in Air Magic
 14852 | D:11     | Reached skill level 10 in Spellcasting
 15094 | D:12     | Got the Compendium of Maleficent Mysteries
 15233 | D:12     | Learned a level 5 spell: Lightning Bolt
 15632 | D:12     | Reached skill level 15 in Conjurations
 15632 | D:12     | Reached ***** piety under Sif Muna
 15641 | D:12     | Received a gift from Sif Muna
 15808 | D:12     | Reached skill level 15 in Air Magic
 15954 | D:12     | Found a staircase to the Orcish Mines.
 16280 | D:12     | Noticed a boulder beetle
 16299 | D:12     | Killed a boulder beetle
 16550 | D:13     | Noticed a four-headed hydra
 16555 | D:13     | Killed a four-headed hydra
 16852 | D:13     | Reached skill level 16 in Air Magic
 16853 | D:13     | Noticed a tengu warrior
 16853 | D:13     | Noticed Kirke
 16997 | D:13     | Killed Kirke
 17148 | D:13     | Noticed a centaur warrior
 17170 | D:13     | HP: 1/61 [centaur warrior/arrow (14)]
 17378 | D:13     | Killed a centaur warrior
 17379 | D:13     | Reached skill level 5 in Armour
 17497 | D:13     | Noticed Nessos
 17503 | D:13     | Noticed a tengu warrior
 17519 | D:13     | Killed a tengu warrior
 17520 | D:13     | Reached XP level 13. HP: 42/65 MP: 15/29
 17748 | D:13     | Killed Nessos
 18083 | D:13     | Noticed Frances
 18120 | D:13     | Reached skill level 17 in Air Magic
 18424 | Orc:1    | Entered Level 1 of the Orcish Mines
 18424 | Orc:1    | Found a burning altar of Makhleb.
 19025 | Orc:1    | Found a runed translucent door.
 19025 | Orc:1    | Found a shimmering altar of Xom.
 19025 | Orc:1    | Noticed Manan's ghost (journeyman MiBe)
 19079 | Orc:2    | Entered Level 2 of the Orcish Mines
 19516 | Orc:2    | Found Worupag's Armour Boutique.
 19912 | Orc:2    | Noticed an orc warlord
 20008 | Orc:2    | Killed an orc warlord
 20086 | Orc:2    | Received a gift from Sif Muna
 20095 | Orc:2    | Reached skill level 18 in Air Magic
 20104 | Orc:2    | Got Sif Muna's Octavo of the Lethal Caves {god gift}
 20452 | Orc:2    | Found a staircase to the Elven Halls.
 21219 | Orc:2    | Found Guhougra's General Store.
 21236 | Orc:2    | Found Gulaet's General Store.
 21760 | Orc:2    | Reached skill level 19 in Air Magic
 22416 | Orc:2    | Reached XP level 14. HP: 70/70 MP: 31/31
 22593 | Orc:2    | Found Zifodeq's Antique Armour Shop.
 22593 | Orc:2    | Found Cujung's Jewellery Boutique.
 22593 | Orc:2    | Found a one-way gate leading to the halls of Pandemonium.
 22618 | Orc:2    | Bought the ring of Seakhiru {Fly rElec rCorr Int+4} for 591
                  | gold pieces
 23166 | D:11     | Killed Gastronok
 23167 | D:11     | Reached skill level 20 in Air Magic
 23553 | D:13     | Killed Frances
 23655 | D:14     | Noticed Jorgrun
 23958 | Lair:1   | Entered Level 1 of the Lair of Beasts
 23988 | Lair:1   | Learned a level 5 spell: Fireball
 24023 | Lair:1   | Noticed Fannar
 24031 | Lair:1   | Killed Fannar
 24151 | Lair:1   | Found a frozen archway.
 24299 | IceCv    | Entered an ice cave
 24988 | IceCv    | Received a gift from Sif Muna
 25007 | IceCv    | Got Sif Muna's Secrets of Productive Pyromania {god gift}
 25775 | Lair:1   | Upgraded the game from 0.30-a0-297-g0ec75d9ef4 to
                  | 0.30-a0-304-gdc4b735fe1
 26355 | Lair:2   | Found a staircase to the Snake Pit.
 26774 | Lair:2   | Reached XP level 15. HP: 75/75 MP: 33/33
 28362 | Lair:3   | Reached skill level 5 in Fire Magic
 28375 | Lair:2   | Reached skill level 1 in Shields
 28532 | Lair:3   | Reached skill level 21 in Air Magic
 28915 | Lair:3   | Found a staircase to the Swamp.
 29091 | Lair:3   | Identified the +9 trident of Atsaz {spect, rC+}
 29560 | Lair:3   | Received a gift from Sif Muna
 29561 | Lair:3   | Got Tasoacve's Textbook on Fiery Graupel {god gift}
 30494 | Lair:4   | Noticed Urug
 30499 | Lair:4   | Killed Urug
 31269 | Lair:5   | Entered Level 5 of the Lair of Beasts
 31991 | Lair:5   | Found a viscous altar of Jiyva.
 31992 | Lair:5   | Found a staircase to the Slime Pits.
 32469 | Lair:5   | Upgraded the game from 0.30-a0-304-gdc4b735fe1 to
                  | 0.30-a0-305-g026cb31310
 32489 | Lair:5   | Received a gift from Sif Muna
 32490 | Lair:5   | Got Sif Muna's Almanac of Floating Changing {god gift}
 32707 | Lair:5   | Reached XP level 16. HP: 78/80 MP: 32/35
 34159 | Lair:5   | Reached skill level 22 in Air Magic
 34381 | Lair:5   | Identified the +6 scale mail "Liefamup" {rC+}
 34517 | Swamp:1  | Entered Level 1 of the Swamp
 34617 | Swamp:1  | Reached skill level 15 in Spellcasting
 34916 | Swamp:1  | Received a gift from Sif Muna
 34917 | Swamp:1  | Got Sif Muna's Catalogue of the Voyage and Battling {god
                  | gift}
 35845 | Swamp:2  | Noticed a fenstrider witch
 35939 | Swamp:2  | Killed a fenstrider witch
 35997 | Swamp:2  | Reached skill level 1 in Invocations
 36905 | Swamp:2  | Noticed Sail Geo's ghost (journeyman DrRe)
 36915 | Swamp:2  | Found a bloodstained altar of Trog.
 36915 | Swamp:2  | Found the +2 cloak of the Thief {*Fog Slay-2 SInv Stlth+}
 36926 | Swamp:2  | Identified the +3 rapier of Bankruptcy {spect, rF- rCorr
                  | Str-4 Int+5}
 36933 | Swamp:2  | Found a transporter.
 36945 | Swamp:2  | Found a transporter.
 37102 | Swamp:3  | Noticed Mlioglotl
 37113 | Swamp:2  | Noticed a bone dragon
 37360 | Swamp:2  | Killed Mlioglotl
 38041 | Swamp:3  | Reached XP level 17. HP: 84/84 MP: 36/37
 38399 | Swamp:3  | Identified the ring of the Battered Olives {rC+ MP+9}
 38402 | Swamp:3  | Paralysed by a hornet for 3 turns
 38867 | Swamp:4  | Entered Level 4 of the Swamp
 38878 | Swamp:4  | Slain by a spriggan rider

Illustrated notes

Levels and vault maps discovered:
D:1:      dpeg_arrival_fog, layout_rooms, chequers_big_river
D:2:      layout_loops_corners, hellmonk_ecumenical_altar_dog_temple,
          uniq_jessica
D:3:      layout_loops_ring, uniq_sigmund
D:4:      layout_loops_ring, serial_rivers, chequers_serial_rivers_small_3,
          chequers_serial_rivers_micro_a, chequers_serial_rivers_small_b,
          chequers_serial_rivers_small_b, chequers_serial_rivers_micro_b,
          chequers_serial_rivers_small_3, minmay_diced_spiral
D:5:      layout_basic, okawaru_ov_weapons_minmay, zin_academy,
          cheibrodos_sewer_entry_bend, gammafunk_ghost_gnarly_gnolls,
          minmay_small_thing
D:6:      layout_basic
D:7:      layout_layer_cave, grunt_dithmenos_smoke,
          grunt_temple_overflow_cloverleaf, lemuel_temple_firewalk_b,
          enter_ossuary_5, serial_shops, shop_fountains, chequers_garden,
          nicolae_benzene_ring
D:8:      layout_basic, david_lair_shrubbed, enter_bailey_4,
          hangedman_abyss_or_decor_passed, nicolae_water_bricks
D:9:      layout_irregular_city, hangedman_minor_magic
D:10:     layout_rooms, serial_shops,
          nicolae_shop_temple_entry_statues_fountains,
          nicolae_shop_i_like_big_books, chequers_mini_garden,
          interstate_on_off, nicolae_elevator_lobby_plus, uniq_maurice
D:11:     layout_cave_pods, minivault_26, uniq_gastronok, uniq_erica, uniq_sonja
D:12:     layout_loops_ring, kennysheep_orc_monster_closet_entryway,
          nicolae_figureground_sparkle
D:13:     layout_irregular_city, uniq_frances, uniq_nessos, uniq_kirke
D:14:     layout_rooms, david_vaults_2, lemuel_crystal_altar, serial_rivers,
          chequers_serial_rivers_small_a, chequers_serial_rivers_large_a,
          chequers_serial_rivers_large_b, chequers_serial_rivers_marsh,
          chequers_serial_rivers_room_a, chequers_serial_rivers_micro_c,
          uniq_josephine, uniq_jorgrun, uniq_azrael
Temple:   nicolae_temple_superstar
Lair:1:   layout_loops_ring, portal_ice_cave_demonic_guard,
          serial_bayou_shore_b, lemuel_fruit_tree, uniq_fannar
Lair:2:   layout_cave_pods, minmay_snake_entry_guardpost_small,
          kennysheep_abandoned_house
Lair:3:   layout_gridlike, minmay_swamp_entry_worms, special_room
          [special_room_mythical_zoo]
Lair:4:   layout_regular_city, uniq_urug
Lair:5:   hangedman_lair_in_review, layout_regular_city,
          guppyfry_lair_end_dragon, dpeg_slime_entry_corner,
          gammafunk_lair_bear_cave
Swamp:1:  layout_basic_swamp, evilmike_swamp_ruin_house_3
Swamp:2:  layout_basic_swamp, gammafunk_ghost_wrathful_warriors,
          evilmike_swamp_ruin_wall
Swamp:3:  layout_falls_marsh, nicolae_swamp_very_dense_foliage, uniq_mlioglotl
Swamp:4:  swamp_alternative, layout_basic_swamp, infiniplex_staircase_pool
Orc:1:    layout_caves, ebering_ghost_xom, bloody_makhleb
Orc:2:    pf_orc_diabolical, layout_caves, serial_shops,
          nicolae_shop_temple_entry_statues_fountains

Skill      XL: |  1  2  3  4  5  6  7  8  9 10 11 12 13 14 15 16 17 |
---------------+----------------------------------------------------+-----
Conjurations   | 2 5 6 7 9 12 13 14 15 17 18 20 21 | 21.4
Air Magic      | 5 6 8 9 11 13 16 19 20 21 22 | 22.4
Spellcasting   | 3 4 5 6 8 9 11 12 13 14 15 | 15.6
Armour         | 1 3 4 5 6 7 |  7.0
Fire Magic     | 1 2 3 4 5 6 |  6.5
Fighting       | 1 2 |  2.3
Dodging        | 3 4 |  4.4
Poison Magic   | 2 3 4 |  4.4
Shields        | 1 2 |  2.2
Invocations    | 3 |  3.4
Stealth        | |  2.1
Translocations | |  0.2
Evocations     | |  0.1

Action                   |  1- 3 |  4- 6 |  7- 9 | 10-12 | 13-15 | 16-18 || total
-------------------------+-------+-------+-------+-------+-------+-------++-------
Melee: Unarmed           |     5 |       |       |       |       |       ||     5
       Dagger            |    12 |     2 |       |       |       |       ||    14
       Kick              |     3 |     2 |     9 |    28 |    83 |    32 ||   157
       Peck              |     2 |       |     5 |    17 |    56 |    18 ||    98
       Whip              |       |    10 |    47 |    73 |   219 |    56 ||   405
       Punch             |       |       |     1 |     1 |       |       ||     2
 Fire: Arbalest          |       |       |       |     3 |       |       ||     3
 Cast: Shock             |    85 |    93 |   309 |   244 |   308 |    90 ||  1129
       Sticky Flame      |       |       |    12 |    50 |   151 |    40 ||   253
       Airstrike         |       |       |    13 |   160 |   183 |    69 ||   425
       Kindle Blastspark |       |       |       |     7 |     1 |       ||     8
       Mephitic Cloud    |       |       |       |    54 |   138 |    14 ||   206
       Lightning Bolt    |       |       |       |     3 |    95 |    54 ||   152
       Fireball          |       |       |       |       |    46 |    85 ||   131
 Abil: Evoke Blink       |       |       |       |     1 |     1 |       ||     2
  Use: Potion            |       |       |       |     1 |       |       ||     1
       Scroll            |       |       |       |       |    13 |     4 ||    17
 Stab: Sleeping          |       |     1 |       |       |       |       ||     1
       Confused          |       |       |       |     5 |    16 |     1 ||    22
Armor: Robe              |     4 |     3 |       |       |       |     4 ||    11
       Leather armour    |       |     4 |    12 |       |       |       ||    16
       Ring mail         |       |       |    17 |   100 |   102 |    49 ||   268
Dodge: Dodged            |    17 |    16 |    50 |   125 |   172 |    49 ||   429
Block: Buckler           |       |       |       |     2 |    13 |       ||    15
       Kite shield       |       |       |       |       |    80 |    45 ||   125

Table legend: (Time is in decaauts)
 A = Elapsed time spent in this place.
 B = Non-inter-level travel time spent in this place.
 C = Inter-level travel time spent in this place.
 D = Time resting spent in this place.
 E = Time spent auto-exploring this place.
 F = Levels seen in this place.
 G = Mean time per level.
                   A        B        C        D        E       F      G
               +--------+--------+--------+--------+--------+-----+--------+
         Total |  37283 |  36247 |   1036 |  11362 |  13672 |  30 | 1242.8 |
       Dungeon |  17015 |  16326 |    689 |   3188 |   8032 |  14 | 1215.4 |
        Temple |     97 |     97 |      0 |      0 |     62 |   1 |   97.0 |
          Lair |   8881 |   8681 |    200 |   2349 |   3929 |   5 | 1776.2 |
         Swamp |   4217 |   4130 |     87 |   1981 |   1153 |   4 | 1054.2 |
  Orcish Mines |   4032 |   3973 |     59 |   2404 |    495 |   2 | 2016.0 |
         Sewer |    617 |    617 |      0 |    279 |      0 |   1 |  617.0 |
       Ossuary |    321 |    321 |      0 |    168 |      0 |   1 |  321.0 |
        Bailey |    828 |    828 |      0 |    297 |      0 |   1 |  828.0 |
      Ice Cave |   1272 |   1272 |      0 |    693 |      0 |   1 | 1272.0 |
               +--------+--------+--------+--------+--------+-----+--------+

Top non-repeatable levels by time:
  Lair:5: 3107 daAuts
   Orc:2: 2482 daAuts
    D:12: 2154 daAuts
  Lair:2: 2021 daAuts
 Swamp:2: 1867 daAuts
  Lair:3: 1730 daAuts
    D:13: 1716 daAuts
    D:11: 1629 daAuts
   Orc:1: 1549 daAuts
     D:7: 1492 daAuts
     D:9: 1391 daAuts
     D:5: 1386 daAuts
   IceCv: 1272 daAuts
 Swamp:1: 1245 daAuts
     D:8: 1181 daAuts
